 Dungeon Crawl Stone Soup version 0.28.0-49-g6dfe1f597d (webtiles) character file.

Game seed: 5127994990119773636

217 Zeld the Changer (level 5, -3/34 HPs)
             Began as an Octopode Transmuter on May 11, 2022.
             Slain by a gnoll
             ... wielding a +0 whip
              (5 damage)
             ... on level 3 of the Dungeon.
             The game lasted 00:02:49 (4311 turns).

Zeld the Changer (Octopode Transmuter)              Turns: 4311, Time: 00:02:50

Health: -3/34      AC:  2    Str: 12    XL:     5   Next: 94%
Magic:  5/9        EV: 20    Int: 15    God:
Gold:   30         SH:  0    Dex: 17    Spells: 3/9 levels left

rFire   . . .      SeeInvis .     - Unarmed
rCold   . . .      Faith    .   (shield currently unavailable)
rNeg    . . .      Spirit   .   (helmet currently unavailable)
rPois   x          Reflect  .   (no amulet)
rElec   .          Harm     .   (no ring)
rCorr   .          Rampage  .   (no ring)
Will    .....                   (no ring)
Stlth   ++........              (no ring)
HPRegen 0.11/turn               (no ring)
MPRegen 0.11/turn               (no ring)
                                (no ring)
                                (no ring)

@: spider-form
A: venomous fangs, almost no armour, (amphibious), 8 rings, tiny, (camouflage
1), (gelatinous body 1), (nimble swimmer 1), (tentacles)
a: End Transformation


You were on level 3 of the Dungeon.
You were a venomous arachnid creature.
You visited 1 branch of the dungeon, and saw 3 of its levels.

You collected 30 gold pieces.

Inventory:

Scrolls
 a - a scroll of amnesia {unknown}
 b - a scroll of enchant armour {unknown}
 e - 7 scrolls of identify {unknown}
 f - a scroll of fog {unknown}
 g - 2 scrolls of teleportation {unknown}
 i - a scroll of enchant weapon {unknown}
 k - a scroll of vulnerability {unknown}
Potions
 c - 2 potions of mutation {unknown}
 d - 2 potions of attraction {unknown}
 h - a potion of cancellation {unknown}
 j - a potion of flight {unknown}


   Skills:
 + Level 1.8 Fighting
 + Level 2.8 Dodging
 + Level 2.4 Stealth
 - Level 3.0 Unarmed Combat
 * Level 2.9 Spellcasting
 * Level 3.3 Transmutations
 + Level 1.4 Ice Magic
 - Level 2.0 Poison Magic


You had 3 spell levels left.
You knew the following spells:

 Your Spells              Type           Power      Damage    Failure   Level
a - Beastly Appendage     Tmut           24%        N/A       16%         1
b - Wereblood             Tmut           12%        N/A       21%         2
c - Spider Form           Tmut/Pois      10%        N/A       41%         3

Your spell library contained the following spells:

 Spells                   Type           Power      Damage    Failure   Level
 Ice Form                 Ice/Tmut       9%         N/A       78%         4


Dungeon Overview and Level Annotations

Branches:
Dungeon (3/15)

Altars:


Innate Abilities, Weirdness & Mutations

You are a venomous arachnid creature.
You have poisonous fangs.
You are tiny and dextrous.
Your spellcasting is less reliable in this form.
Your armour is entirely melded.
You are incapable of wielding weapons or throwing items.
You cannot wear most types of armour.
((You are amphibious.))
You can wear up to eight rings at the same time.
((Your skin changes colour to match your surroundings (Stealth+).))
((Your rubbery body absorbs attacks. (AC +1, EV +1)))
((You are camouflaged when in or above water. (Stealth+)))
((You have tentacles for arms and can constrict up to eight enemies at once.))


Message History

The gnoll shaman hits you with a +0 whip.
The gnoll shouts!
You hit the gnoll shaman.
The gnoll shaman is poisoned.
The gnoll shaman is lightly wounded.
Your transformation is almost over.
You hear a shout! x2
The gnoll shaman barely misses you.
You hit the gnoll shaman.
The gnoll shaman is heavily wounded.
The gnoll shaman hits you with a +0 whip!
You hit the gnoll shaman.
The gnoll shaman is heavily wounded.
A gnoll comes into view. It is wielding a +0 flail.
The gnoll shaman hits you with a +0 whip!
You are too injured to fight recklessly!
The gnoll shouts!
A gnoll comes into view. It is wielding a +2 flail of venom.
The gnoll shaman calls upon its god to speed up the gnoll.
The gnoll seems to speed up.
You kill the gnoll shaman!
Training target 2.0 for Poison Magic reached!
Your Poison Magic skill increases to level 2!
Your transformation has ended.
You tentacle-slap the gnoll but do no damage.
Your grab misses the gnoll. Your squeeze misses the gnoll.
The gnoll hits you with a +0 whip.
Casting: Spider Form (quite dangerous; 21% risk of failure)
Confirm with . or Enter, or press ? or * to list all spells.
The spell is quite dangerous to miscast (21% risk of failure)!
Continue anyway?
You turn into a venomous arachnid creature.
The gnoll misses you. The gnoll barely misses you. x2
The gnoll hits you with a +0 whip!
* * * LOW HITPOINT WARNING * * *
The gnoll hits you with a +0 whip.
* * * LOW HITPOINT WARNING * * *
You hit the gnoll.
The gnoll is poisoned.
The gnoll is heavily wounded.
The gnoll hits you with a +0 whip.
You die...

#.# .# #.# ##.# ####.#
##...# #....###..#
.........########
#.<.............##
.....#######.....#
#....# #.....###
#....### #####sgg####.#
#......## ###......#
#.......# ###..#####
#....#.. ###..g##
.....##..## ##g)g#....#
†..####....##..######.#
#.....##....#g## .#
#####.##.....)# .# #
###...g## ..


You could see 2 gnolls.

Vanquished Creatures
  A gnoll shaman (D:3)
  Jessica (D:2)
  Robin (D:2)
  A gnoll (D:3)
  5 adders
  A worm (D:2)
  3 dart slugs
  An orc (D:3)
  7 endoplasms
  5 giant cockroaches
  12 goblins
  12 hobgoblins
  6 jackals
  3 quokkas
  6 ball pythons
  3 bats (D:1)
  4 frilled lizards
  4 kobolds
  7 rats
83 creatures vanquished.

Vanquished Creatures (others)
  10 plants
10 creatures vanquished.

Grand Total: 93 creatures vanquished

Notes
Turn   | Place    | Note
-------+----------+-------------------------------------------
     0 | D:1      | Zeld the Octopode Transmuter began the quest for the Orb.
     0 | D:1      | Reached XP level 1. HP: 13/13 MP: 3/3
   141 | D:1      | Reached XP level 2. HP: 6/18 MP: 3/5
   453 | D:1      | Reached skill level 1 in Stealth
   784 | D:1      | Reached XP level 3. HP: 16/23 MP: 4/6
   791 | D:1      | Learned a level 2 spell: Wereblood
   795 | D:1      | Learned a level 3 spell: Spider Form
  1323 | D:2      | Reached skill level 1 in Poison Magic
  1486 | D:2      | Noticed Jessica
  1658 | D:2      | Killed Jessica
  1659 | D:2      | Reached skill level 1 in Ice Magic
  1659 | D:2      | Reached XP level 4. HP: 28/28 MP: 5/7
  2241 | D:2      | Noticed Robin
  2260 | D:2      | Reached XP level 5. HP: 16/33 MP: 4/8
  2285 | D:1      | HP: 1/33 [poisoned by an adder]
  3755 | D:2      | Killed Robin
  4311 | D:3      | Slain by a gnoll

Illustrated notes

Levels and vault maps discovered:
D:1:      amcnicky_arrival_flooded_fountain, layout_loops_ring, serial_forest,
          infiniplex_forest_clump_curved, infiniplex_forest_lined_ring,
          infiniplex_forest_lined_room_3, infiniplex_forest_end_2,
          infiniplex_forest_lined_2, minmay_misc_feat_x, serial_bayou_ford_a
D:2:      layout_rooms, serial_forest, infiniplex_forest_lined_room_2,
          infiniplex_forest_clump_curved, infiniplex_forest_clump_tiny,
          infiniplex_forest_clump_curved, infiniplex_forest_straight_4,
          infiniplex_forest_lined_3_way, infiniplex_forest_zigzag_1,
          minmay_tiny_reverse_x, uniq_jessica, uniq_robin
D:3:      layout_rooms, serial_shops, shop, nicolae_figureground_sparkle

Skill      XL: |  1  2  3  4  5 |
---------------+----------------+-----
Stealth        | 1 2 |  2.4
Poison Magic   | 1 2 |  2.0
Ice Magic      | 1 |  1.4
Transmutations | 3 |  3.3
Fighting       | |  1.8
Dodging        | |  2.8
Unarmed Combat | |  3.0
Spellcasting   | |  2.9

Action                   |  1- 3 |  4- 6 || total
-------------------------+-------+-------++-------
Melee: Unarmed           |    69 |    98 ||   167
       Kick              |    19 |    30 ||    49
       Constrict         |    25 |    25 ||    50
       Tentacles         |    16 |    11 ||    27
       Punch             |     3 |     3 ||     6
 Cast: Beastly Appendage |    17 |    22 ||    39
       Wereblood         |       |     2 ||     2
       Spider Form       |       |     3 ||     3
  Use: Potion            |       |     1 ||     1
 Stab: Sleeping          |     4 |     5 ||     9
Armor: Skin              |     7 |     7 ||    14
Dodge: Dodged            |    39 |    74 ||   113
